Map: Incorporeal LE

Players

KimChiLoVer - Winner!

  • Race: Terran Terran
  • League: Diamond
  • Spawn Location: 5:00

MetalManiac

  • Race: Zerg Zerg
  • League: Diamond
  • Spawn Location: 11:00

VOD

Have the link to the VOD?

Description

Time

  • Played on: Aug. 29, 2025, 11:15 p.m.
  • Length: 10:06
Show
View Real Time Build Order
Export as new Build Order

KimChiLoVer Terran - Winner!

Build Orders:  

Get SALT Encoding   

  12  0:00  SCV  
  13  0:13  SCV  
  14  0:18  Supply Depot  
  14  0:25  SCV  
  15  0:40  SCV  
  15  0:41  Barracks  
  16  0:46  Refinery  
  16  0:52  SCV  
  18  1:04  SCV  
  18  1:16  SCV  
  19  1:31  Orbital Command  
  19  1:35  Marine  
  20  1:42  Command Center  
  21  1:57  SCV  
  21  2:01  Supply Depot  
  22  2:05  Barracks Reactor  
  21  2:14  SCV  
  22  2:17  Factory  
  22  2:21  Refinery  
  22  2:26  SCV  
  23  2:38  SCV  
  24  2:46  Marine x2  
  24  2:50  SCV  
  27  2:54  Orbital Command  
  27  3:12  Armory  
  27  3:17  Hellion x2  
  27  3:18  SCV  
  32  3:21  SCV  
  32  3:24  Marine  
  34  3:28  Starport  
  34  3:30  SCV, Supply Depot  
  34  3:33  SCV  
  36  3:39  Hellion x2  
  36  3:40  Orbital Command, Barracks  
  40  3:58  Barracks Tech Lab  
  40  3:59  SCV  
  41  4:04  Hellion x2  
  41  4:06  SCV  
  46  4:11  Medivac  
  48  4:18  SCV  
  48  4:23  Refinery  
  49  4:26  Refinery  
  49  4:30  SCV, Supply Depot  
  50  4:32  Supply Depot  
  50  4:33  Supply Depot  
  50  4:35  Barracks Tech Lab  
  50  4:38  Barracks Tech Lab  
  50  4:40  Barracks Reactor  
  50  4:46  Terran Vehicle And Ship Armor Level 1  
  50  4:47  SCV  
  50  4:48  SCV, Fusion Core  
  51  5:00  SCV  
  51  5:03  Supply Depot  
  51  5:04  Supply Depot  
  52  5:09  SCV  
  52  5:12  SCV, Stimpack  
  54  5:19  Marine x3  
  57  5:21  SCV  
  57  5:24  SCV, Supply Depot  
  57  5:25  Medivac  
  61  5:36  SCV  
  62  5:44  Command Center  
  62  5:49  SCV  
  63  5:55  Battlecruiser  
  69  5:58  Supply Depot  
  69  6:01  SCV  
  72  6:04  Hellion x2  
  72  6:05  Marine x2  
  72  6:07  Marine  
  77  6:13  SCV  
  78  6:20  Engineering Bay, Barracks  
  78  6:21  Supply Depot  
  78  6:28  SCV  
  78  6:31  Marine x2  
  78  6:32  Marine  
  82  6:36  SCV  
  83  6:40  SCV  
  84  6:49  Marine  
  84  6:50  Marine x2  
  84  6:53  SCV  
  88  6:57  Factory, SCV  
  88  6:58  Factory  
  88  7:01  Factory  
  89  7:05  SCV  
  90  7:09  SCV  
  90  7:12  Marine x3  
  90  7:13  Marine  
  95  7:17  SCV  
  95  7:18  Battlecruiser  
  102  7:25  Planetary Fortress  
  102  7:28  SCV  
  102  7:29  SCV  
  104  7:30  Marine x4  
  108  7:48  Marine x4, Factory Tech Lab x3  
  112  8:06  Marine x2  
  112  8:12  Marine, Barracks Tech Lab  
  114  8:14  Siege Tank  
  114  8:15  Siege Tank x2  
  124  8:23  Marine  
  124  8:24  Marine  
  119  8:30  Marine  
  116  8:41  Marine x3  
  116  8:44  Hellbat x2  
  116  8:46  Siege Tank  
  116  8:47  Siege Tank x2  
  116  8:48  Marine  
  133  8:59  Marine  
  133  9:23  Marine  
  133  9:24  Siege Tank, Marine x2, Hellbat  
  122  9:34  Cyclone  
  122  9:36  Hellion x4  
  122  9:37  Hellion x3  
  121  9:45  Hellion  
Show
View Real Time Build Order
Export as new Build Order

MetalManiac Zerg 

Build Orders: Hatch First 

Get SALT Encoding   

  12  0:00  Drone  
  13  0:12  Overlord  
  13  0:19  Drone  
  14  0:32  Drone x2  
  14  0:35  Drone  
  17  0:51  Hatchery  
  17  0:55  Drone  
  17  0:57  Drone  
  18  1:12  Spawning Pool  
  18  1:14  Extractor  
  16  1:25  Drone x2  
  18  1:34  Drone  
  19  1:55  Hatchery  
  19  2:00  Queen  
  20  2:01  Zergling x2  
  21  2:11  Queen  
  23  2:19  Drone x2  
  26  2:22  Drone  
  26  2:30  Metabolic Boost  
  26  2:33  Drone  
  27  2:41  Extractor  
  26  2:48  Overlord  
  26  3:06  Overlord  
  26  3:07  Drone x4  
  26  3:08  Drone x2  
  32  3:18  Queen  
  34  3:28  Lair  
  34  3:37  Queen  
  36  3:51  Zergling x10  
  36  3:53  Zergling x2  
  41  4:02  Zergling x6  
  44  4:08  Zergling x4  
  46  4:24  Spore Crawler  
  45  4:26  Spire  
  45  4:29  Drone x3  
  47  4:36  Drone x3  
  50  4:41  Overlord  
  50  4:47  Overlord  
  40  5:01  Drone x5  
  40  5:02  Drone x2  
  46  5:12  Extractor, Zergling x4  
  46  5:13  Extractor, Zergling x4  
  48  5:19  Baneling Nest  
  47  5:23  Drone x3  
  47  5:27  Extractor x2  
  48  5:29  Drone  
  48  5:30  Drone  
  48  5:31  Drone  
  51  5:39  Drone x4  
  55  5:53  Spore Crawler  
  55  5:55  Spore Crawler  
  53  6:01  Drone  
  53  6:02  Drone x4  
  53  6:03  Overlord x2  
  53  6:04  Overlord  
  58  6:15  Overseer  
  58  6:19  Overlord x2  
  58  6:30  Mutalisk x5  
  68  6:44  Corruptor x2  
  68  6:45  Corruptor  
  74  6:47  Corruptor  
  76  6:58  Spore Crawler  
  75  7:02  Spore Crawler  
  75  7:04  Spore Crawler, Corruptor x2  
  77  7:13  Centrifugal Hooks  
  77  7:34  Overlord x3  
  77  7:35  Drone x7  
  77  7:36  Drone x2  
  86  7:50  Hatchery  
  85  7:54  Zergling x6  
  88  8:03  Baneling x4  
  88  8:04  Baneling  
  88  8:05  Overlord  
  88  8:06  Overlord  
  74  8:29  Zergling x8  
  74  8:30  Zergling x12  
  74  8:31  Zergling x2  
  74  8:37  Zergling x2  
  74  8:40  Zergling x2  
  68  8:46  Zergling x2  
  64  8:54  Baneling x2  
  64  8:55  Baneling x6  
  59  8:56  Zergling x4  
  60  9:05  Mutalisk  
  60  9:06  Mutalisk x2  
  56  9:16  Mutalisk  
  42  9:29  Mutalisk  
  42  9:30  Zergling x2  
  29  9:47  Zergling x4  
Tags
 
Add a new tag
Caveats
  • Supply blocks, unpowered buildings, or Contaminate may cause inaccurate times.
  • Supply counts are checked every 10 seconds.